cohdb
Replays
Latest Replays
All Replays
Popular Replays
Top Player Replays
Match Explorer
How It Works
Community
CoH3 Stats
Reddit
Sign in to upload your games and track your stats! →
Sign in with Steam
Match 33351663
Unlisted
Match 33351663
Overview
Messages
Build Orders
End
Selects Italian Combined Arms Battlegroup
Selects Bersaglieri Squad
Bersaglieri Squad
Kradschützen Motorcycle Team
Bersaglieri Squad
Construct Light Support Kompanie
Bersaglieri Squad
2.5-tonne Medical Truck
Fire Support Elements
Selects Bersaglieri Bolster
le.IG 18 Mechanized Group
Selects Breda Model 30 Light Machine Guns
Bersaglieri Squad
Construct Panzerarmee Kommand
Veteran Squad Leaders
Armored Reserves
Bersaglieri Squad
Selects Semovente da 75/18 Assault Gun
Pak 38 Anti-tank Gun Team
Selects Strafing Run
Strafing Run
iNNo.-
Valieriumborn
Jimmy
bl4ckjack
Dahlian
Tanzeel
Blanco
slowdive
0
0
Comments
sign in to comment!
No comments posted yet!